 Dungeon Crawl Stone Soup version 0.31-a0-940-gdaa99269f9 (webtiles) character file.

Game seed: 9047563523878055879

6342 BigDaddyOpFi the Fighter (level 10, -2/94 HPs)
             Began as a Purple Draconian Berserker on Oct 20, 2023.
             Was a High Priest of Trog.
             Slain by a six-headed hydra (13 damage)
             ... on level 9 of the Dungeon.
             The game lasted 00:12:36 (8375 turns).

BigDaddyOpFi the Fighter (DrBe)                     Turns: 8375, Time: 00:12:37

Health: -2/94      AC:  8    Str: 24    XL:     10   Next: 64%
Magic:  10/10      EV: 14    Int:  8    God:    Trog [*****.]
Gold:   516        SH:  0    Dex: 10    Spells: 9/9 levels left

rFire   + . .        j - +7 hand axe
rCold   x . .        (no shield)
rNeg    . . .        (body armour unavailable)
rPois   .            (helmet restricted)
rElec   .            u - +0 cloak
rCorr   .            (no gloves)
SInv    .            (no boots)
Will    +....        d - amulet of regeneration
Stlth   +            s - ring of fire
HPRegen 1.15/turn    (no ring)
MPRegen 0.12/turn

%: no passive effects
@: short of breath
A: breathe power, AC +7, unfitting armour, cold-blooded
a: Breathe Dispelling Energy, Renounce Religion, Berserk, Trog's Hand, Brothers
in Arms


You were on level 9 of the Dungeon.
You worshipped Trog.
Trog was extremely pleased with you.
You visited 1 branch of the dungeon, and saw 9 of its levels.
You also visited: Sewer.

You collected 516 gold pieces.

Inventory:

Hand Weapons
 a - a +1 hand axe of freezing
 e - a +2 spectral quarterstaff
 j - a +7 hand axe (weapon)
Missiles
 i - 2 throwing nets
Armour
 g - a scarf of harm
 u - a +0 cloak (worn)
 z - a scarf of repulsion
Jewellery
 d - an amulet of regeneration (around neck)
 s - a ring of fire (left hand)
Talismans
 r - a flux talisman
Wands
 q - a wand of roots (5) (quivered)
 w - a wand of flame (6)
Scrolls
 b - a scroll of amnesia
 n - 4 scrolls of vulnerability
 t - 4 scrolls of fog
 v - 2 scrolls of identify
 y - 3 scrolls of teleportation
 B - a scroll of enchant armour {unknown}
Potions
 c - a potion of ambrosia
 f - 2 potions of degeneration {unknown}
 h - 2 potions of curing
 k - a potion of resistance {unknown}
 m - 2 potions of lignification {unknown}
 o - a potion of mutation {unknown}
 p - a potion of invisibility {unknown}
 x - 2 potions of haste {unknown}
 A - a potion of magic
 D - 2 potions of cancellation


   Skills:
 + Level 10.9 Fighting
 + Level 9.9 Axes
 + Level 9.0 Dodging


You had 9 spell levels left.
You didn't know any spells.
Your spell library was empty.

Dungeon Overview and Level Annotations

Branches:
Dungeon (9/15)             Temple (0/1) D:4            Lair (0/5) D:8
  Sewer (visited)
    Orc: D:9-12

Altars:
Cheibriados
Gozag
Kikubaaqudgha
Nemelex Xobeh
The Shining One

Shops:
D:7 *


Innate Abilities, Weirdness & Mutations

You can breathe bolts of dispelling energy.
Your rich purple scales are hard. (AC +7)
You cannot fit into any form of body armour.
You are cold-blooded and may be slowed by cold attacks.


Message History

Trog accepts your kill.
The grasping roots constrict the five-headed hydra.
The five-headed hydra struggles to escape constriction.
The grasping roots constrict the five-headed hydra.
The roots release their grip on the five-headed hydra.
The five-headed hydra misses you. The five-headed hydra bites you!
The five-headed hydra misses you.
The five-headed hydra bites you but does no damage.
The five-headed hydra bites you!
Things that are here:
a +0 club; 6 poisoned darts You barely miss the five-headed hydra.
The five-headed hydra is moderately wounded.
The five-headed hydra bites you. x2
The five-headed hydra closely misses you.
The five-headed hydra bites you! The five-headed hydra bites you.
Aiming: Fastroot
Press: ? - help, Q - select action, (/) - cycle Shift-Dir - straight line The roots erupt in riotous growth!
Roots grab the five-headed hydra.
The grasping roots constrict the five-headed hydra.
The five-headed hydra bites you! The five-headed hydra bites you.
The five-headed hydra bites you!
* * * LOW HITPOINT WARNING * * *
The five-headed hydra bites you!
* * * LOW HITPOINT WARNING * * *
The five-headed hydra closely misses you.
You slice one of the five-headed hydra's heads off!
The four-headed hydra grows two more!
You slash the six-headed hydra! You tail-slap the six-headed hydra.
The six-headed hydra is moderately wounded.
The grasping roots constrict the six-headed hydra.
The six-headed hydra closely misses you.
The six-headed hydra bites you!
* * * LOW HITPOINT WARNING * * *
The six-headed hydra barely misses you.
The six-headed hydra closely misses you.
The six-headed hydra completely misses you.
The six-headed hydra bites you!
You die...

#......#....###...####
#......#....###.).####
#......#.....#.)).....
#......#.....#........
#......#.....#..|....<
#......#.....#........
#......#.....#........
#......#.....#........
#....@.......#........
#..##D.⌠##..#..#+###..
### #.))######## ..
#⌠.⌠# . #)).# ...).
#..)..# ##8.8## #####


You could see a six-headed hydra (rooted).

Vanquished Creatures
  The ghost of Sundig the Fighter, a novice MiFi of Qazlal (D:8)
  A manticore (D:8)
  Grinder (D:5)
  2 steam dragons (D:6)
  Menkaure (D:5)
  2 acid dragons
  3 water moccasins
  Duvessa (D:5)
  An ice beast (D:5)
  2 orc warriors
  2 centaurs
  2 ogres
  A phantom (D:7)
  6 kobold brigands
  Blork the orc (D:5)
  A bullfrog (D:7)
  2 gnoll sergeants
  2 scorpions
  4 wights (D:7)
  Dowan (D:5)
  13 killer bees (D:8)
  3 howler monkeys (D:7)
  2 hounds (D:7)
  A jelly (D:7)
  6 orc priests
  A gnoll bouda (D:7)
  3 sleepcaps
  3 iguanas
  9 orc wizards
  20 gnolls
  17 adders
  2 river rats (Sewer)
  2 white imps
  2 worms
  3 dart slugs
  32 orcs
  18 ball pythons
  7 endoplasms
  6 giant cockroaches
  10 goblins
  8 hobgoblins
  2 quokkas (D:4)
  6 bats
  10 frilled lizards
  34 kobolds
  14 rats
271 creatures vanquished.

Vanquished Creatures (collateral kills)
  Joseph (D:7)
  2 black bears (D:6)
  A gnoll bouda (D:6)
  3 gnolls (D:6)
7 creatures vanquished.

Grand Total: 278 creatures vanquished

Notes
Turn   | Place    | Note
-------+----------+-------------------------------------------
     0 | D:1      | BigDaddyOpFi the Draconian Berserker began the quest for
                  | the Orb.
     0 | D:1      | Reached XP level 1. HP: 19/19 MP: 1/1
   117 | D:1      | Reached XP level 2. HP: 14/26 MP: 2/2
   406 | D:1      | Reached ** piety under Trog
   461 | D:1      | Reached XP level 3. HP: 33/33 MP: 3/3
   753 | D:2      | Reached skill level 4 in Fighting
   892 | D:2      | Reached XP level 4. HP: 34/40 MP: 4/4
  1710 | D:3      | Found an ancient bone altar of Kikubaaqudgha.
  2217 | D:2      | Reached *** piety under Trog
  2257 | D:3      | Reached XP level 5. HP: 47/47 MP: 5/5
  2317 | D:3      | Reached skill level 5 in Fighting
  2496 | D:3      | Found an opulent altar of Gozag.
  2784 | D:4      | Found a staircase to the Ecumenical Temple.
  2827 | D:4      | Reached XP level 6. HP: 37/56 MP: 6/6
  3216 | D:4      | Reached skill level 5 in Axes
  3216 | D:4      | Reached **** piety under Trog
  3226 | D:4      | Your scales start taking on a rich purple colour.
  3226 | D:4      | Reached XP level 7. HP: 12/62 MP: 7/7
  3304 | D:4      | Found a glowing golden altar of the Shining One.
  3427 | D:5      | Entered Level 5 of the Dungeon
  3439 | D:5      | Reached skill level 6 in Fighting
  3536 | D:5      | Noticed Blork the orc
  3545 | D:5      | Killed Blork the orc
  3546 | D:5      | Reached skill level 5 in Dodging
  3642 | D:5      | Reached XP level 8. HP: 71/71 MP: 8/8
  3787 | D:5      | Noticed Dowan
  3788 | D:5      | Noticed Duvessa
  3799 | D:5      | Killed Duvessa
  3799 | D:5      | Killed Dowan
  3800 | D:5      | Reached skill level 7 in Fighting
  4151 | D:5      | Noticed Grinder
  4160 | D:5      | Killed Grinder
  4237 | D:5      | Noticed Menkaure
  4241 | D:5      | Killed Menkaure
  4515 | D:6      | Reached skill level 8 in Fighting
  4546 | D:6      | Reached XP level 9. HP: 76/81 MP: 9/9
  4786 | D:6      | Found a glowing drain.
  4796 | Sewer    | Entered a sewer
  5262 | D:6      | Found a sparkling altar of Nemelex Xobeh.
  5499 | D:7      | Reached skill level 9 in Fighting
  5521 | D:7      | Reached ***** piety under Trog
  5784 | D:7      | Noticed Joseph
  5802 | D:7      | Killed Joseph
  6079 | D:7      | Identified the +1 dagger "Dragonslayer" {heavy, rC+ MP+9}
  6440 | D:7      | Found Vaathrohe's Assorted Antiques.
  6480 | D:7      | Reached XP level 10. HP: 90/93 MP: 10/10
  6592 | D:8      | Found a runed translucent door.
  6621 | D:8      | Noticed Sundig's ghost (novice MiFi)
  6656 | D:8      | Killed Sundig's ghost
  6657 | D:8      | Reached skill level 10 in Fighting
  6747 | D:8      | Noticed a manticore
  6753 | D:8      | Killed a manticore
  7271 | D:8      | HP: 1/94 [killer bee (4)]
  7552 | D:8      | Found a staircase to the Lair.
  7683 | D:8      | Found a snail-covered altar of Cheibriados.
  7983 | D:8      | HP: 4/94 [killer bee (4)]
  8352 | D:9      | Noticed a four-headed hydra
  8375 | D:9      | Slain by a six-headed hydra

Illustrated notes

Levels and vault maps discovered:
D:1:      lightli_arrival_quake, layout_rooms, minmay_tetromino_i4
D:2:      layout_basic, kennysheep_flooded_box, minmay_3d_cube
D:3:      layout_rooms, nicolae_kikubaaqudgha_miasma_corner,
          grunt_gozag_statues, minmay_misc_feat_more_columns,
          reono_crystal_passage
D:4:      layout_basic, nicolae_tso_swordbearing_angel,
          minmay_temple_entry_statues_pillars, serial_glass, glass_columns_a,
          glass_columns_a, glass_columns_b, glass_columns_c,
          kennysheep_small_square
D:5:      layout_basic, minivault_19, uniq_duvessa, uniq_blork_the_orc,
          uniq_menkaure, uniq_grinder
D:6:      layout_basic, mainiacjoe_overflow_alcove_4, portal_sewer_entry_e
D:7:      layout_basic, serial_shops, shop, uniq_joseph
D:8:      layout_basic, cheibrodos_worm_habitat, lair_entry_dummy,
          ebering_ghost_reflecting_pool, grunt_ogre_cave
D:9:      layout_gridville, small_chamber_with_monster, minmay_gold_behind_fungi

Skill      XL: |  1  2  3  4  5  6  7  8  9 10 |
---------------+-------------------------------+-----
Dodging        | 3 4 5 6 8 9 |  9.0
Fighting       | 4 5 6 8 9 10 | 10.9
Axes           | 4 5 6 7 8 9 |  9.9

Action                     |  1- 3 |  4- 6 |  7- 9 | 10-12 || total
---------------------------+-------+-------+-------+-------++-------
  Melee: Hand axe          |   105 |   161 |   267 |    86 ||   619
         Tailslap          |    11 |    16 |    39 |    22 ||    88
         Punch             |     2 |       |     1 |     3 ||     6
         Quarterstaff      |       |       |    33 |    77 ||   110
 Invoke: Berserk           |       |       |     9 |     1 ||    10
         Brothers in Arms  |       |       |     2 |       ||     2
Ability: Breathe Dispellin |       |       |     5 |     1 ||     6
  Evoke: Wand              |       |       |       |     4 ||     4
    Use: Scroll            |       |     8 |    14 |     3 ||    25
         Potion            |       |     3 |     8 |    11 ||    22
   Stab: Sleeping          |     1 |       |     1 |       ||     2
 Armour: Skin              |    65 |   131 |   228 |   214 ||   638
  Dodge: Dodged            |    61 |   118 |   228 |   276 ||   683

Table legend: (Time is in decaauts)
 A = Elapsed time spent in this place.
 B = Non-inter-level travel time spent in this place.
 C = Inter-level travel time spent in this place.
 D = Time resting spent in this place.
 E = Time spent auto-exploring this place.
 F = Levels seen in this place.
 G = Mean time per level.
                   A        B        C        D        E       F      G
               +--------+--------+--------+--------+--------+-----+--------+
         Total |   8598 |   8384 |    214 |   1799 |   4556 |  10 |  859.8 |
       Dungeon |   8256 |   8042 |    214 |   1799 |   4349 |   9 |  917.3 |
         Sewer |    341 |    341 |      0 |      0 |    207 |   1 |  341.0 |
               +--------+--------+--------+--------+--------+-----+--------+

Top non-repeatable levels by time:
     D:8: 1664 daAuts
     D:2: 1512 daAuts
     D:7: 1110 daAuts
     D:5: 1086 daAuts
     D:4: 732 daAuts
     D:6: 723 daAuts
     D:1: 646 daAuts
     D:3: 592 daAuts
   Sewer: 341 daAuts
     D:9: 186 daAuts
